 Dungeon Crawl Stone Soup version 0.28.0-45-g0d030f2227 (webtiles) character file.

Game seed: 16562407903999573531

4926 gknikx the Grappler (level 10, -5/93 HPs)
             Began as a Troll Fighter on Apr 17, 2022.
             Was a Priest of Wu Jian.
             Slain by a wyvern (6 damage)
             ... while petrified by a basilisk
             ... on level 8 of the Dungeon.
             The game lasted 01:16:44 (9522 turns).

gknikx the Grappler (Troll Fighter)                 Turns: 9522, Time: 01:16:45

Health: -5/93      AC:  6    Str: 30    XL:     10   Next: 27%
Magic:  9/9        EV:  1    Int:  4    God:    Wu Jian [***...]
Gold:   423        SH:  0    Dex:  9    Spells: 9/9 levels left

rFire   . . .      SeeInvis .     - Unarmed
rCold   . . .      Faith    .   b - +0 kite shield
rNeg    + + +      Spirit   .   i - +0 troll leather armour
rPois   ∞          Reflect  .   N - +0 hat
rElec   .          Harm     .   (no cloak)
rCorr   .          Rampage  .   (gloves unavailable)
Will    .....                   (boots unavailable)
Stlth   +.........              (no amulet)
HPRegen 1.85/turn               q - ring of poison resistance
MPRegen 0.11/turn               (no ring)

@: lethally poisoned (-5 -> -5), petrified, studying Translocations
A: large, unfitting armour, claws 3, regeneration 1, shaggy fur 1, tough skin 1
a: Renounce Religion, Wall Jump, Serpent's Lash


You were on level 8 of the Dungeon.
You worshipped Wu Jian.
Wu Jian was most pleased with you.
You visited 2 branches of the dungeon, and saw 9 of its levels.

You collected 423 gold pieces.

Inventory:

Hand Weapons
 h - a +0 dagger
 n - a +5 scythe of freezing {mother}
 r - a +0 long sword
 v - a +3 short sword
 w - a +0 shortbow
 D - a +0 whip of venom
 F - a +0 hunting sling
 H - a +0 trident
 K - the +7 long sword of Efaihoq {freeze, Dex+2}
   (You found it on level 5 of the Dungeon)

   It freezes those it strikes, dealing additional cold damage.
   It can also slow down cold-blooded creatures.
   Dex:       It affects your dexterity (+2).
 P - a +2 dagger of venom
 S - a +5 vorpal hand axe
Missiles
 d - 161 arrows
 g - 349 stones
 G - 14 poisoned darts
Armour
 a - a +0 robe
 b - a +0 kite shield (worn)
 i - a +0 troll leather armour (worn)
 p - a +0 helmet
 t - a +2 robe of willpower
 N - a +0 hat (worn)
Jewellery
 m - a ring of wizardry
 q - a ring of poison resistance (left claw)
 y - a +4 ring of evasion
Wands
 l - a wand of digging (5)
 s - a wand of polymorph (11) (quivered)
Scrolls
 e - 2 scrolls of noise
 j - 2 scrolls of magic mapping
 x - 3 scrolls of teleportation
 z - 2 scrolls of fog
 A - 2 scrolls of vulnerability
 B - a scroll of holy word
 E - a scroll of fear {unknown}
 I - a scroll of torment {unknown}
 J - a scroll of enchant armour {unknown}
 M - a scroll of blinking {unknown}
 Q - 3 scrolls of enchant weapon
 R - a scroll of silence {unknown}
 T - 2 scrolls of identify
Potions
 c - 2 potions of might
 f - 2 potions of resistance
 k - 3 potions of mutation {unknown}
 o - a potion of lignification {unknown}
 u - 4 potions of haste {unknown}
 C - a potion of curing {unknown}
 L - 2 potions of heal wounds {unknown}
 O - a potion of brilliance {unknown}


   Skills:
 + Level 4.2 Fighting
 + Level 4.5 Long Blades
 + Level 0.8 Polearms
 + Level 0.7 Throwing
 + Level 2.5 Armour
 * Level 6.5 Dodging
 + Level 1.8 Stealth
 + Level 5.5 Shields
 + Level 8.5 Unarmed Combat


You had 9 spell levels left.
You didn't know any spells.
Your spell library contained the following spells:

 Spells                   Type           Power      Damage    Failure   Level
 Apportation              Tloc           0%         N/A       80%         1
 Slow                     Hex            0%         N/A       80%         1
 Sublimation of Blood     Necr           0%         N/A       91%         2
 Confusing Touch          Hex            0%         N/A       99%         3
 Portal Projectile        Hex/Tloc       0%         N/A       99%         3
 Vampiric Draining        Necr           0%         2d6       99%         3
 Animate Armour           Summ/Erth      0%         N/A       100%        4
 Petrify                  Tmut/Erth      0%         N/A       100%        4
 Alistair's Intoxication  Tmut/Pois      0%         N/A       100%        5
 Blade Hands              Tmut           0%         N/A       100%        5
 Excruciating Wounds      Necr           0%         N/A       100%        5
 Fireball                 Conj/Fire      0%         3d3       100%        5
 Irradiate                Conj/Tmut      0%         3d14      100%        5
 Iron Shot                Conj/Erth      0%         9d1       100%        6
 Starburst                Conj/Fire      0%         6d3       100%        6
 Ignition                 Fire           0%         3d3       100%        8


Dungeon Overview and Level Annotations

Branches:
Dungeon (8/15)             Temple (1/1) D:7
   Lair: D:8-11

Altars:
Ashenzari
Cheibriados
Dithmenos
Elyvilon
Fedhas
Hepliaklqana
Kikubaaqudgha
Makhleb
Nemelex Xobeh
Okawaru
Qazlal
Ru
Sif Muna
Trog
Uskayaw
Vehumet
Wu Jian
Xom
Yredelemnul
Zin
The Shining One

Shops:
D:5 [

Annotations:
D:8 Grum


Innate Abilities, Weirdness & Mutations

You are too large for most types of armour.
You have claws for hands.
Your natural rate of healing is unusually fast.
You are covered in fur. (AC +1)
You have tough skin. (AC +1)


Message History

You feel sick.
The water moccasin bites you but does no damage.
The water moccasin bites you.
* * * LOW HITPOINT WARNING * * *
Okay, then.
Okay, then.
Okay, then.
You scratch the water moccasin but do no damage.
The water moccasin is severely wounded.
You feel sick.
The water moccasin bites you but does no damage.
The water moccasin closely misses you.
You claw the water moccasin!
You kill the water moccasin!
The Council accepts your kill.
You can now briefly move at supernatural speeds.
You feel sick. The water moccasin bites you!
* * * LOW HITPOINT WARNING * * *
The basilisk gazes at you.
You are slowing down.
As you read the scroll of teleportation, it crumbles to dust.
You feel strangely unstable.
You feel sick. You block the water moccasin's attack.
The water moccasin bites you.
* * * LOW HITPOINT WARNING * * *
The basilisk gazes at you. You resist with some effort.
Your limbs are stiffening.
Your surroundings suddenly seem different.
A wyvern comes into view.
The wyvern bites you but does no damage.
The wyvern barely misses you.
You have turned to stone.
The wyvern bites you!
* * * LOW HITPOINT WARNING * * *
The wyvern bites you!
* * * LOW HITPOINT WARNING * * *
The wyvern bites you!
* * * LOW HITPOINT WARNING * * *
The wyvern bites you!
* * * LOW HITPOINT WARNING * * *
The wyvern bites you!
You die...

##########
###........##
##...........#
###............#
#...@.........##
#...l..........#
#.............##
##............##
##...<<.......##
##............##
##..#.........##
##..############
.#####..##


You could see a wyvern.

Vanquished Creatures
  2 two-headed ogres
  A kobold demonologist (D:7)
  A troll (D:6)
  A swamp worm (D:7)
  5 water moccasins
  An orc warrior (D:7)
  2 ice beasts
  5 ogres
  A necrophage (D:6)
  2 centaurs
  A wolf (D:8)
  2 kobold brigands
  2 bullfrogs (D:7)
  3 scorpions
  A wyvern skeleton (D:6)
  3 wights (D:8)
  A vampire bat (D:4)
  2 howler monkeys (D:8)
  3 hounds
  A bullfrog zombie (D:6)
  5 orc priests
  A centaur skeleton (D:4)
  A gnoll shaman (D:7)
  2 jellies
  4 orc wizards
  2 iguanas
  Natasha (thrice) (D:3)
  Robin (D:4)
  2 howler monkey zombies
  4 gnolls (D:7)
  10 adders
  A shadow imp (D:5)
  2 worms
  5 dart slugs
  18 orcs
  3 bats
  4 bat skeletons (D:4)
  2 bat zombies (D:4)
  6 endoplasms
  3 giant cockroaches (D:2)
  12 goblins
  7 hobgoblins
  5 jackals
  5 kobolds
  2 quokkas
  5 ball pythons
  A frilled lizard (D:2)
  2 rats (D:2)
158 creatures vanquished.

Vanquished Creatures (others)
  2 bushes (D:8)
  5 fungi
  33 plants
40 creatures vanquished.

Grand Total: 198 creatures vanquished

Notes
Turn   | Place    | Note
-------+----------+-------------------------------------------
     0 | D:1      | gknikx the Troll Fighter began the quest for the Orb.
     0 | D:1      | Reached XP level 1. HP: 22/22 MP: 0/0
   375 | D:1      | Found a faded altar of an unknown god.
   642 | D:1      | Reached XP level 2. HP: 28/29 MP: 1/1
  1340 | D:1      | Reached XP level 3. HP: 20/36 MP: 2/2
  1646 | D:2      | Reached XP level 4. HP: 44/44 MP: 3/3
  2160 | D:3      | Noticed Sigmund
  2274 | D:3      | Reached XP level 5. HP: 49/50 MP: 4/4
  2309 | D:3      | Noticed an ogre
  2321 | D:3      | Killed an ogre
  2322 | D:3      | Reached skill level 3 in Unarmed Combat
  2517 | D:3      | Found an ornate altar of the Wu Jian Council.
  2525 | D:3      | Became a worshipper of the Wu Jian Council
  3088 | D:3      | Noticed Natasha
  3097 | D:3      | Killed Natasha
  3098 | D:3      | Reached XP level 6. HP: 44/59 MP: 5/5
  3639 | D:3      | Noticed Natasha
  3647 | D:3      | Killed Natasha
  3710 | D:3      | Noticed Natasha
  3719 | D:3      | Killed Natasha
  4150 | D:3      | Noticed Sigmund
  4150 | D:3      | Sigmund changed into Sigmund the dart slug
  4155 | D:3      | Killed Sigmund the dart slug
  4223 | D:4      | Reached skill level 4 in Unarmed Combat
  4458 | D:4      | Reached XP level 7. HP: 23/66 MP: 6/6
  4702 | D:4      | Found an ancient bone altar of Kikubaaqudgha.
  4774 | D:4      | Found a burning altar of Makhleb.
  4831 | D:4      | Reached skill level 1 in Stealth
  4889 | D:4      | Noticed Robin
  4900 | D:4      | Reached * piety under Wu Jian
  4908 | D:4      | Reached skill level 5 in Unarmed Combat
  4913 | D:4      | Killed Robin
  5413 | D:5      | Entered Level 5 of the Dungeon
  5430 | D:5      | Found a stormy altar of Qazlal.
  5503 | D:5      | Found a bloodstained altar of Trog.
  5558 | D:5      | Reached XP level 8. HP: 42/75 MP: 7/7
  5589 | D:5      | Reached skill level 6 in Unarmed Combat
  5679 | D:5      | Noticed a two-headed ogre
  5689 | D:5      | Killed a two-headed ogre
  5690 | D:5      | Reached skill level 5 in Dodging
  5690 | D:5      | Reached skill level 7 in Unarmed Combat
  5926 | D:5      | Identified the +7 long sword of Efaihoq {freeze, Dex+2}
  6270 | D:5      | Found a white marble altar of Elyvilon.
  6275 | D:5      | Found a radiant altar of Vehumet.
  6506 | D:5      | Found Upnaxaefi's Armour Shoppe.
  6803 | D:6      | Reached skill level 8 in Unarmed Combat
  6803 | D:6      | Reached XP level 9. HP: 76/83 MP: 8/8
  6935 | D:6      | Found a sparkling altar of Nemelex Xobeh.
  6969 | D:6      | Reached ** piety under Wu Jian
  6970 | D:6      | Reached skill level 5 in Shields
  6979 | D:6      | Noticed a troll
  6988 | D:6      | Killed a troll
  6989 | D:6      | Reached skill level 1 in Long Blades
  8013 | D:7      | Found a staircase to the Ecumenical Temple.
  8018 | Temple   | Entered the Ecumenical Temple
  8315 | D:7      | Reached skill level 1 in Armour
  8490 | D:7      | Noticed a four-headed hydra
  8491 | D:7      | a four-headed hydra changed into a swamp worm
  8662 | D:7      | Noticed a kobold demonologist
  8669 | D:7      | Noticed an orange demon
  8669 | D:7      | Killed a kobold demonologist
  9247 | D:8      | Noticed a two-headed ogre
  9260 | D:8      | Killed a two-headed ogre
  9261 | D:8      | Reached XP level 10. HP: 29/92 MP: 9/9
  9378 | D:8      | Noticed Grum
  9517 | D:8      | Reached *** piety under Wu Jian
  9522 | D:8      | HP: 1/93 [wyvern (8)]
  9522 | D:8      | Slain by a wyvern

Illustrated notes

Levels and vault maps discovered:
D:1:      scummos_arrival_simple_crosswalls, layout_loops_cross,
          shapermc_ecumenical_altar_acropolis, moated_statue
D:2:      minmay_skewed_foursquare, layout_basic
D:3:      layout_basic, mainiacjoe_overflow_24_doors, uniq_natasha, uniq_sigmund
D:4:      layout_basic, mainiacjoe_overflow_paths, kennysheep_vampire_church,
          serial_bayou_lake_a, uniq_robin
D:5:      layout_loops_ring, nicolae_qazlal_scattered_showers, minitemple,
          trog_three_pillars_becter, serial_shops, nicolae_shop_trees,
          minivault_27, minmay_manual_maat
D:6:      layout_loops_corners, nemelex_spade_bored_becter
D:7:      layout_basic, temple_doors_e, wad_mini_maze
D:8:      layout_cave_pods, minmay_lair_entry_grove, uniq_grum
Temple:   cyrus_circular_temple

Skill      XL: |  1  2  3  4  5  6  7  8  9 |
---------------+----------------------------+-----
Dodging        | 3 4 5 6 |  6.5
Shields        | 3 4 5 |  5.5
Unarmed Combat | 3 4 5 8 |  8.5
Fighting       | 3 4 |  4.2
Stealth        | 1 |  1.8
Long Blades    | 4 |  4.5
Armour         | 2 |  2.5
Polearms       | |  0.8
Throwing       | |  0.7

Action                   |  1- 3 |  4- 6 |  7- 9 | 10-12 || total
-------------------------+-------+-------+-------+-------++-------
Melee: Unarmed           |    66 |   106 |   166 |    33 ||   371
       Scythe            |       |    18 |       |       ||    18
       Long sword        |       |       |   117 |    10 ||   127
Throw: Stone             |       |     1 |       |       ||     1
       Dart              |       |     3 |       |       ||     3
Invok: Lunge             |       |     4 |    16 |     4 ||    24
       Whirlwind         |       |       |    12 |       ||    12
Evoke: Wand              |       |     1 |     1 |       ||     2
  Use: Scroll            |       |       |     7 |     2 ||     9
 Stab: Sleeping          |       |       |     2 |       ||     2
Armor: Robe              |    35 |    60 |    56 |       ||   151
       Troll leather arm |       |       |    35 |    32 ||    67
Dodge: Dodged            |    20 |    69 |   125 |    21 ||   235
Block: Kite shield       |    27 |    44 |   132 |    26 ||   229
